 Dungeon Crawl Stone Soup version 0.25-a0-378-gd2ca0b7745 (webtiles) character file.

Game seed: 3926766709529428496, levelgen mode: deterministic

250 PentaManta the Changer (level 6, 0/43 HPs)
             Began as a Merfolk Transmuter on Jan 7, 2020.
             Killed from afar by a white imp (10 damage)
             ... with a puff of frost
             ... summoned by Eustachio
             ... on level 4 of the Dungeon.
             The game lasted 00:08:55 (4415 turns).

PentaManta the Changer (Merfolk Transmuter)         Turns: 4415, Time: 00:08:56

Health: 0/43       AC:  2    Str: 10    XL:     6   Next: 13%
Magic:  19/22      EV: 21    Int: 15    God:
Gold:   134        SH:  0    Dex: 19    Spells: 8/14 levels left

rFire    . . .     SeeInvis .     - Unarmed
rCold    . . .     Gourm    .   (shield currently unavailable)
rNeg     . . .     Faith    .   (armour currently unavailable)
rPois    x         Spirit   .   (helmet currently unavailable)
rElec    .         Reflect  .   (cloak currently unavailable)
rCorr    .         Harm     .   (gloves currently unavailable)
MR       .....                  (boots currently unavailable)
Stlth    +++.......             (no amulet)
HPRegen  0.14/turn              j - ring of magical power
MPRegen  0.18/turn              l - ring of stealth

@: spider-form
A: tiny, (change form in water), (swift swim), (stealthy swim)
a: End Transformation


You were on level 4 of the Dungeon.
You were not hungry.
You were a venomous arachnid creature.
You visited 1 branch of the dungeon, and saw 4 of its levels.

You collected 134 gold pieces.

Inventory:

Missiles
 a - 60 arrows
Armour
 b - a +0 robe (melded)
 m - a +1 pair of gloves (melded)
 n - a +0 helmet
 o - a +0 cloak (melded)
Jewellery
 j - a ring of magical power (left front leg)
 l - a ring of stealth (right front leg)
 q - an uncursed ring of protection from magic
Scrolls
 e - a scroll of amnesia
 h - 3 scrolls of teleportation
 k - a scroll of identify
 s - a scroll of remove curse
 t - a scroll of enchant weapon {unknown}
Potions
 c - 3 potions of degeneration {unknown}
 f - a potion of invisibility {unknown}
 g - 3 potions of agility
 i - 2 potions of brilliance
 p - a potion of might
 r - a potion of curing {unknown}
 u - a potion of mutation {unknown}
 v - a potion of magic {unknown}
 w - a potion of haste {unknown}
Comestibles
 d - 6 rations


   Skills:
 - Level 1.1 Fighting
 - Level 2.6 Dodging
 - Level 3.2 Unarmed Combat
 + Level 4.9 Spellcasting
 - Level 5.0 Transmutations


You had 8 spell levels left.
You knew the following spells:

 Your Spells              Type           Power        Failure   Level  Hunger
a - Beastly Appendage     Tmut           ###...       8%          1    None
b - Sticks to Snakes      Tmut           ###.....     11%         2    ##.....
c - Spider Form           Tmut/Pois      ##........   36%         3    ###....

Your spell library contained the following spells:

 Spells                   Type           Power        Failure   Level  Hunger
 Ice Form                 Ice/Tmut       ##......     71%         4    ####...
 Blade Hands              Tmut           ###.......   71%         5    ######.


Dungeon Overview and Level Annotations

Branches:
Dungeon (4/15)
 Temple: D:4-7

Altars:
Cheibriados
Gozag
Hepliaklqana

Annotations:
D:4 Eustachio, Menkaure


Message History

Your transformation has ended.
Your +0 cloak unmelds from your body.
Your +1 pair of gloves unmelds from your body.
Your +0 robe unmelds from your body.
The rat completely misses you.
Eustachio casts a spell.
The white imp shouts, "Slither hence, thou feeble hell-hated slime mould!"
The white imp barely misses you. The river rat bites you!
* * * LOW HITPOINT WARNING * * *
Casting: Spider Form (safe; 17% risk of failure)
Confirm with . or Enter, or press ? or * to list all spells.
You turn into a venomous arachnid creature.
Your +0 cloak melds into your body.
Your +1 pair of gloves melds into your body.
Your +0 robe melds into your body.
The bat barely misses you. The rat misses you.
A quokka comes into view.
Eustachio closely misses you. The white imp gestures at you.
The puff of frost hits you!
You die...

.....#.
....####........
..... .....
#........## ....
..... ##..>......
.... ..........
#...
#........##..# ..
.........r.##...
##..÷.b@.....#
.##..÷<.5s.5§..#
.........rr....##
#..r...#..........
......?###........
....... #........
..#...# .........
. ##.. .........
##. .........
.......


You could see Eustachio, a crimson imp, 2 river rats, a white imp, a quokka
(wandering), a bat and a rat.

Vanquished Creatures
  2 hounds
  Crazy Yiuf (D:3)
  Terence (D:2)
  5 adders
  3 worms (D:2)
  4 dart slugs
  A leopard gecko (D:4)
  7 orcs
  2 giant cockroaches
  5 hobgoblins
  7 jackals
  6 kobolds
  3 quokkas
  2 ball pythons
  6 bats
  A frilled lizard (D:2)
  10 goblins
  6 rats
72 creatures vanquished.

Vanquished Creatures (collateral kills)
  An adder (D:2)
  A leopard gecko (D:4)
2 creatures vanquished.

Grand Total: 74 creatures vanquished

Notes
Turn   | Place    | Note
-------+----------+-------------------------------------------
     0 | D:1      | PentaManta the Merfolk Transmuter began the quest for the
                  | Orb.
     0 | D:1      | Reached XP level 1. HP: 15/15 MP: 3/3
   264 | D:1      | Reached skill level 3 in Transmutations
   316 | D:1      | Reached XP level 2. HP: 4/21 MP: 3/5
  1005 | D:2      | Found a snail-covered altar of Cheibriados.
  1011 | D:1      | Learned a level 2 spell: Sticks to Snakes
  1027 | D:2      | Reached XP level 3. HP: 23/26 MP: 6/6
  1032 | D:2      | Learned a level 3 spell: Spider Form
  1043 | D:2      | Found a hazy altar of Hepliaklqana.
  1272 | D:2      | Reached skill level 4 in Transmutations
  1699 | D:2      | Reached XP level 4. HP: 26/32 MP: 8/8
  1703 | D:2      | Noticed Terence
  1736 | D:2      | Killed Terence
  2720 | D:3      | Reached skill level 5 in Transmutations
  2726 | D:3      | Reached XP level 5. HP: 34/37 MP: 10/10
  2802 | D:3      | Found an opulent altar of Gozag.
  2912 | D:3      | Found a runed translucent door.
  2913 | D:3      | Noticed Crazy Yiuf
  3011 | D:3      | Killed Crazy Yiuf
  3884 | D:4      | Noticed Menkaure
  3993 | D:4      | Noticed Eustachio
  4008 | D:4      | Reached XP level 6. HP: 17/43 MP: 13/13
  4415 | D:4      | Killed from afar by a white imp

Levels and vault maps discovered:
D:1:      nzn_arrival_water_spiral, layout_basic
D:2:      kb_forest_paths, layout_basic, kennysheep_slug_shrine,
          old_standard_altar, first_ration, uniq_terence
D:3:      layout_loops_ring, nicolae_gozag_cash_rules_everything_around_me,
          uniq_crazy_yiuf_cottage
D:4:      layout_cave_pools, overflow_temple_1_default, uniq_menkaure,
          uniq_duvessa, uniq_eustachio

Skill      XL: |  1  2  3  4  5 |
---------------+----------------+-----
Transmutations | 3 4 5 |  5.0
Spellcasting   | 3 4 |  4.9
Fighting       | |  1.1
Dodging        | |  2.6
Unarmed Combat | |  3.2

Action                   |  1- 3 |  4- 6 || total
-------------------------+-------+-------++-------
Melee: Unarmed           |   118 |   176 ||   294
       Headbutt          |    14 |    20 ||    34
       Punch             |     3 |     2 ||     5
       Tailslap          |     1 |       ||     1
 Cast: Beastly Appendage |    24 |    27 ||    51
       Sticks to Snakes  |     1 |     7 ||     8
       Spider Form       |       |     7 ||     7
  Use: Scroll            |       |     9 ||     9
 Stab: Sleeping          |     2 |     3 ||     5
  Eat: Chunk             |     1 |     2 ||     3
       Ration            |       |     3 ||     3
Armor: Robe              |    16 |    42 ||    58
       Skin              |       |     2 ||     2
Dodge: Dodged            |    71 |   205 ||   276

Table legend:
 A = Non-vault XP
 B = Vault XP
 C = Vault XP percentage of total XP
 D = Non-vault monster count
 E = Vault monster count
 F = Vault count percentage of total count
                 A         B        C        D         E       F
            +---------+---------+-------+---------+---------+-------
      Total |     275 |      83 |  23.2 |      65 |       9 |  12.2
            +---------+---------+-------+---------+---------+-------
        D:1 |      28 |       0 |   0.0 |      17 |       0 |   0.0
        D:2 |      85 |      44 |  34.1 |      19 |       8 |  29.6
        D:3 |      96 |      39 |  28.9 |      22 |       1 |   4.3
        D:4 |      66 |       0 |   0.0 |       7 |       0 |   0.0
            +---------+---------+-------+---------+---------+-------
